[Event "EYTCC Girls U18 2022"]
[Site "Thessaloniki"]
[Date "2022.07.17"]
[Round "6.8"]
[White "Mihelic, Vesna"]
[Black "Russeva, Viktoria"]
[Result "1-0"]
[ECO "B53"]
[WhiteElo "2029"]
[BlackElo "1866"]
[Annotator "TA"]
[PlyCount "53"]
[EventDate "2022.07.12"]
[EventType "team-tourn"]
[EventCountry "GRE"]
[SourceTitle "playchess.com"]
[Source "ChessBase"]
[SourceQuality "1"]
[WhiteTeam "Slovenia"]
[BlackTeam "Ukraine"]
[WhiteTeamCountry "SLO"]
[BlackTeamCountry "UKR"]
[TimeControl "40/5400+30:1800+30"]

1. e4 c5 2. Nf3 d6 3. d4 cxd4 4. Qxd4 Nf6 5. h3 Nc6 6. Qe3 {[%emt 0:00:39] B53: Sicilian: 2...d6: Lines with Qxd4.} g6 7. c4 Bg7 8. Nc3 {[%emt 0:00:15] The position is equal.} O-O 9. Be2 Nd7 10. O-O Nc5 11. Rb1 f5 (11... Bxc3 $5 12. bxc3 Nxe4 $1 $11) 12. b4 {[%emt 0:08:08][%cal Bb2b4,Bb4b5][%mdl 32] [#]} fxe4 $146 ({Predecessor:} 12... f4 13. Qd2 Ne6 14. Nd5 Ned4 15. Bb2 Nxf3+ 16. Bxf3 Ne5 17. Bxe5 Bxe5 18. Rfd1 Bd7 {½-½ (58) Krueger,W (2093)-Kueppers,T (2282) Magdeburg 2020}) 13. Ng5 (13. bxc5 exf3 14. Bxf3 Bd4 $15) (13. Nxe4 $2 Nxe4 14. Qxe4 Bf5 15. Qd5+ e6 $19) 13... Bd4 (13... Nd3 $11 14. Qxe4 (14. Bxd3 exd3 15. Qxd3 Bf5 $11) 14... Nxf2 15. Qd5+ (15. Qh4 h6 $11) 15... e6 16. Nxe6 Bxe6 17. Qxe6+ Kh8 18. Rxf2 Rxf2 19. Kxf2 Bxc3) 14. Qg3 $16 Ne6 {[%emt 0:18:08] [#] ...Be5 is the strong threat.} 15. Ncxe4 (15. b5 $1 $16 Ne5 16. Ncxe4) 15... Nxg5 (15... Bg7 $14) 16. Nxg5 {[%emt 0:01:11] Strongly threatening b5.} (16. Bxg5 $6 Bg7 $11) 16... Bf5 {[%emt 0:01:21] [#]} 17. b5 $1 ({Inferior is} 17. Qh4 h5 $11) 17... Qb6 (17... Bxb1 $16 {keeps fighting.} 18. bxc6 Qb6) 18. Rb3 $40 {[%emt 0:07:15][%mdl 128] White is out for blood.} ({Don't take} 18. Qh4 $6 h5 $16) 18... Ne5 19. Qh4 h5 20. Be3 Bxe3 21. Rxe3 {[%emt 0:00:02] Threatens to win with Rd1.} Nf7 $2 (21... Rf6 22. Nf3 Rc8) 22. g4 $18 Nxg5 23. Qxg5 hxg4 24. hxg4 Bc2 25. Rxe7 $2 (25. Bd1 Qc5 26. Qxc5 dxc5 27. Bxc2) 25... Rae8 $2 (25... Qd4 $18 26. Rxb7 Rae8) 26. Qd5+ Kh8 27. Qh1+ {[%emt 0:00:09] Weighted Error Value: White=0.29 (precise) /Black=0.63} 1-0

[Event "EYTCC Girls U18 2022"]
[Site "Thessaloniki"]
[Date "2022.07.17"]
[Round "6.9"]
[White "Alexandri, Dimitra"]
[Black "Buchholz, Maja"]
[Result "1/2-1/2"]
[ECO "D10"]
[WhiteElo "1683"]
[BlackElo "1879"]
[Annotator "NA COMBH"]
[PlyCount "122"]
[EventDate "2022.07.12"]
[EventType "team-tourn"]
[EventCountry "GRE"]
[SourceTitle "playchess.com"]
[Source "ChessBase"]
[SourceQuality "1"]
[WhiteTeam "Greece"]
[BlackTeam "Germany"]
[WhiteTeamCountry "GRE"]
[BlackTeamCountry "GER"]
[TimeControl "40/5400+30:1800+30"]

1. d4 d5 2. c4 c6 3. cxd5 cxd5 4. Bf4 Nc6 5. e3 Nf6 6. Nc3 a6 7. Bd3 Bg4 8. Nge2 e6 9. O-O Be7 10. Rc1 O-O 11. f3 Bh5 12. Na4 Nd7 13. Qb3 Nb4 14. Bc7 Qe8 15. Bb1 b5 16. Nc5 Nxc5 17. dxc5 Rc8 18. Bb6 Nc6 19. Nf4 Bg6 20. Nxg6 hxg6 21. f4 Bf6 22. Bd3 Qd7 23. Rcd1 g5 24. f5 Ne5 25. e4 Qc6 26. fxe6 dxe4 27. exf7+ Rxf7 28. Be2 Kf8 29. Qa3 Nd7 30. Qxa6 Nxc5 31. Qxb5 Qxb5 32. Bxb5 Rb7 33. Bxc5+ Rxc5 34. a4 Kg8 35. b3 e3 36. Rfe1 Rc3 37. Bc4+ Kf8 38. Kf1 Be5 39. g3 Rb6 40. Ke2 Rh6 41. Rh1 Rf6 42. Rhf1 Bc7 43. Rxf6+ gxf6 44. Rd3 Rxd3 45. Bxd3 Bb6 46. b4 Ke7 47. a5 Bd4 48. b5 Bc3 49. b6 Bxa5 50. b7 Bc7 51. Kxe3 Ke6 52. Kf3 f5 53. h3 Kf6 54. g4 fxg4+ 55. hxg4 Ke5 56. Bf5 Kd4 57. Ke2 Kc5 58. Kd3 Kb6 59. Bc8 Ka7 60. Ke4 Kb8 61. Kf5 Bf4 1/2-1/2

[Event "EYTCC Girls U18 2022"]
[Site "Thessaloniki"]
[Date "2022.07.17"]
[Round "6.10"]
[White "Werner, Rosalie"]
[Black "Alexandri, Vasiliki"]
[Result "1/2-1/2"]
[ECO "C97"]
[WhiteElo "1783"]
[BlackElo "1527"]
[Annotator "NA COMBH"]
[PlyCount "94"]
[EventDate "2022.07.12"]
[EventType "team-tourn"]
[EventCountry "GRE"]
[SourceTitle "playchess.com"]
[Source "ChessBase"]
[SourceQuality "1"]
[WhiteTeam "Germany"]
[BlackTeam "Greece"]
[WhiteTeamCountry "GER"]
[BlackTeamCountry "GRE"]
[TimeControl "40/5400+30:1800+30"]

1. e4 e5 2. Nf3 Nc6 3. Bb5 a6 4. Ba4 Nf6 5. O-O Be7 6. Re1 b5 7. Bb3 d6 8. c3 O-O 9. h3 Na5 10. Bc2 c5 11. d4 Qc7 12. d5 Bd7 13. b3 c4 14. b4 Nb7 15. a4 a5 16. axb5 Bxb5 17. bxa5 Nxa5 18. Ba3 Nb7 19. Nbd2 Ra6 20. Bb4 Rfa8 21. Rxa6 Rxa6 22. Nf1 Nc5 23. N3d2 Nfd7 24. Ne3 Nb6 25. Qg4 Kh8 26. Rb1 Ra8 27. Bd1 Ra2 28. Nf5 Bf8 29. Nf3 g6 30. Ne3 Nd3 31. Bc2 Nxb4 32. Rxb4 Ba6 33. Qh4 Be7 34. Qh6 Nd7 35. Ba4 Bf8 36. Qh4 Kg8 37. Bxd7 Qxd7 38. Nxc4 Ra4 39. Nb6 Ra1+ 40. Kh2 Qc7 41. c4 Rc1 42. Nd2 Rc2 43. Qg5 Qc5 44. Nd7 Qc8 45. Nb6 Qc5 46. Nd7 Qc8 47. Nb6 Qc5 1/2-1/2

[Event "EYTCC Girls U18 2022"]
[Site "Thessaloniki"]
[Date "2022.07.17"]
[Round "6.11"]
[White "Sheikh, Anum"]
[Black "Dereka, Konstantina"]
[Result "1-0"]
[ECO "B20"]
[WhiteElo "1799"]
[BlackElo "1451"]
[Annotator "NA COMBH"]
[PlyCount "95"]
[EventDate "2022.07.12"]
[EventType "team-tourn"]
[EventCountry "GRE"]
[SourceTitle "playchess.com"]
[Source "ChessBase"]
[SourceQuality "1"]
[WhiteTeam "England"]
[BlackTeam "Greece"]
[WhiteTeamCountry "ENG"]
[BlackTeamCountry "GRE"]
[TimeControl "40/5400+30:1800+30"]

1. e4 c5 2. g3 Nc6 3. Bg2 Nf6 4. Ne2 e6 5. f4 d6 6. d3 Be7 7. Nbc3 O-O 8. O-O Qc7 9. h3 Rd8 10. g4 h6 11. g5 hxg5 12. fxg5 Nh7 13. h4 Ne5 14. Ng3 f6 15. gxf6 Bxf6 16. h5 Bd7 17. h6 Be8 18. Nh5 Bxh5 19. Qxh5 Qf7 20. Qxf7+ Nxf7 21. hxg7 Kxg7 22. Be3 Nhg5 23. Rf4 Rh8 24. Rg4 Kf8 25. Rf1 Ke7 26. e5 Nxe5 27. Rxg5 Bxg5 28. Bxg5+ Kd7 29. Bf6 Rhf8 30. Bxe5 Rxf1+ 31. Kxf1 dxe5 32. Bxb7 Rb8 33. Ne4 Kc7 34. Nxc5 Kd6 35. b4 Rh8 36. Bg2 Rh4 37. a3 Rf4+ 38. Ke2 Rh4 39. Nb7+ Kc7 40. Na5 Rh5 41. Nc6 a6 42. Na5 Kb6 43. a4 Rg5 44. Kf2 Rf5+ 45. Bf3 Kc7 46. c4 Rf4 47. Nb3 Rd4 48. Nxd4 1-0

[Event "EYTCC Girls U18 2022"]
[Site "Thessaloniki"]
[Date "2022.07.17"]
[Round "6.12"]
[White "Kapia, Aggeliki"]
[Black "Pert, Nina"]
[Result "0-1"]
[ECO "A84"]
[WhiteElo "1230"]
[BlackElo "1703"]
[Annotator "NA COMBH"]
[PlyCount "96"]
[EventDate "2022.07.12"]
[EventType "team-tourn"]
[EventCountry "GRE"]
[SourceTitle "playchess.com"]
[Source "ChessBase"]
[SourceQuality "1"]
[WhiteTeam "Greece"]
[BlackTeam "England"]
[WhiteTeamCountry "GRE"]
[BlackTeamCountry "ENG"]
[TimeControl "40/5400+30:1800+30"]

1. d4 e6 2. c4 f5 3. Nc3 Nf6 4. g3 Bb4 5. Bg2 O-O 6. Nf3 d6 7. O-O Bxc3 8. bxc3 Nc6 9. Bg5 Qe8 10. Bxf6 Rxf6 11. Re1 e5 12. e4 f4 13. Qd2 Bg4 14. Nh4 g5 15. Nf5 Qh5 16. h4 Bxf5 17. exf5 gxh4 18. Bd5+ Kh8 19. gxf4 Qxf5 20. fxe5 dxe5 21. Bxc6 bxc6 22. dxe5 Rg8+ 23. Kh2 Rfg6 24. Rg1 Qxe5+ 25. f4 Qf6 26. Rxg6 hxg6 27. Qe3 Rb8 28. Qe5 Rb2+ 29. Kh3 Qxe5 30. fxe5 Re2 31. Kxh4 Rxe5 32. Rd1 Re7 33. Kg5 Kg7 34. Rd2 Re5+ 35. Kf4 Kf6 36. Rd7 Rc5 37. Rd4 Ra5 38. Rd7 Ra4 39. Rxc7 Rxc4+ 40. Ke3 Rxc3+ 41. Kd4 Ra3 42. Rxc6+ Kg5 43. Rc2 Kh4 44. Ke4 g5 45. Kf5 Ra4 46. Rb2 g4 47. Rc2 Kh3 48. Rc3+ g3 0-1

[Event "EYTCC Girls U18 2022"]
[Site "Thessaloniki"]
[Date "2022.07.18"]
[Round "7.1"]
[White "Lehaci, Miruna-Daria"]
[Black "Rozmanec, Pia"]
[Result "1-0"]
[ECO "B54"]
[WhiteElo "2193"]
[BlackElo "1642"]
[Annotator "TA"]
[PlyCount "68"]
[EventDate "2022.07.12"]
[EventType "team-tourn"]
[EventCountry "GRE"]
[SourceTitle "playchess.com"]
[Source "ChessBase"]
[SourceQuality "1"]
[WhiteTeam "Romania"]
[BlackTeam "Slovenia"]
[WhiteTeamCountry "ROU"]
[BlackTeamCountry "SLO"]
[TimeControl "40/5400+30:1800+30"]

1. e4 c5 2. Nf3 d6 3. d4 cxd4 4. Nxd4 Nf6 5. f3 a6 6. c4 g6 7. Be3 Bg7 8. Be2 b6 9. O-O O-O 10. Nc3 Bb7 {[%emt 0:00:42] A31: Symmetrical English: 2 Nf3 Nf6 3 d4.} 11. Qd2 Qc7 {[%emt 0:01:14] [#]} 12. Nd5 $146 ({Predecessor:} 12. Rac1 e6 13. Rfd1 Rd8 14. Nb3 Ne8 15. Bd4 Bxd4+ 16. Qxd4 Nd7 17. Kh1 Rac8 18. Qe3 {1-0 (31) Madl,I (2385)-Behl,T (2135) Budapest 1996}) 12... Qd8 {[%emt 0:06:22] White is better.} 13. Rfd1 {[%emt 0:09:42] White is much more active.} Nbd7 14. Bf1 e6 15. Nc3 d5 ({Better is} 15... Re8 $14) 16. cxd5 $16 exd5 17. exd5 Nxd5 18. Nxd5 Bxd5 19. Nf5 {[%emt 0:02:28] Inhibits Qe7.} Be6 $2 {[%emt 0:18:34] Loses the game.} (19... gxf5 $16 20. Qxd5 Re8) 20. Nxg7 $18 Kxg7 21. Bh6+ {[%emt 0:01:54] A strong pair of Bishops.} Kg8 22. Qc3 {[%emt 0:03:06][%csl Gh6][%cal Rc3g7] [#]} Qf6 {[%emt 0:01:02] Prevents Qg7+.} 23. Qxf6 ({But not} 23. Bxf8 $6 Qxc3 24. bxc3 Kxf8 $18) 23... Nxf6 24. Bxf8 Kxf8 25. a3 Nd5 26. Kf2 b5 27. Rac1 Ke7 28. Rc5 Ra7 $2 {[%emt 0:03:02] [#]} (28... Nf6 {might work better.} 29. Rc7+ Kf8) 29. Rcxd5 {[%emt 0:00:39] White is clearly winning.} Bxd5 30. Rxd5 {[%emt 0:00:04] KRB-KR} Rc7 31. Rd2 {[%emt 0:00:21] Prevents Rc2.} h5 32. g3 Ke6 33. Bd3 f5 34. Rc2 Kd5 {Weighted Error Value: White=0.07 (flawless) /Black=0.41} 1-0

[Event "EYTCC Girls U18 2022"]
[Site "Thessaloniki"]
[Date "2022.07.18"]
[Round "7.2"]
[White "Guid, Taja"]
[Black "Ciolacu, Alessia-Mihaela"]
[Result "0-1"]
[ECO "B23"]
[WhiteElo "1479"]
[BlackElo "2163"]
[Annotator "TA"]
[PlyCount "60"]
[EventDate "2022.07.12"]
[EventType "team-tourn"]
[EventCountry "GRE"]
[SourceTitle "playchess.com"]
[Source "ChessBase"]
[SourceQuality "1"]
[WhiteTeam "Slovenia"]
[BlackTeam "Romania"]
[WhiteTeamCountry "SLO"]
[BlackTeamCountry "ROU"]
[TimeControl "40/5400+30:1800+30"]

1. e4 c5 2. Nc3 d6 3. d4 cxd4 4. Qxd4 Nc6 5. Qd2 g6 6. b3 {[%emt 0:00:29] B23: Closed Sicilian: Lines without g3.} Bg7 7. Bb2 Nf6 {[%emt 0:01:22][%cal Of6e4] White must now prevent ...Nxe4!} 8. O-O-O {[%emt 0:01:24] White has an edge.} Be6 9. f3 Qa5 10. Kb1 Rc8 11. Nge2 O-O 12. g4 b5 {[%emt 0:06:23] [#]} 13. h4 $146 ({Predecessor:} 13. Nf4 b4 14. Nce2 Rfd8 15. Nxe6 fxe6 16. Nf4 Kf7 17. h4 Ne5 18. Qe2 Rc6 19. Bh3 {0-1 (50) Gutenev,A (2469)-Gaydym,A (2139) Sochi 2019}) 13... h5 (13... Ne5 $11 14. Nd5 Qxd2 15. Nxe7+ Kh8 16. Rxd2 Nxf3) 14. g5 (14. Nf4 $1 $16) 14... Nd7 15. Nd5 b4 16. c4 bxc3 17. Bxc3 (17. Nexc3 $14 Rb8 18. Na4 Qxd2 19. Rxd2) 17... Bxc3 $11 18. Qxc3 (18. Nexc3 $11 {keeps the balance.} Rb8 19. Qb2) 18... Bxd5 $17 19. Rxd5 (19. Qxa5 $17 Bxe4+ 20. fxe4 Nxa5 21. Bh3) 19... Qb6 $1 $19 {[%emt 0:01:24] Threatens to win with ...Nb4.} 20. Qd2 Nb4 21. Rd4 (21. Nc3 {only move.} Ne5 22. Be2) 21... Nc2 {[%emt 0:00:30] Hoping for ...Ne5.} 22. Rd3 (22. Rd5 $142 Ne5 23. Nc3 Na3+ 24. Ka1 Nxf3 25. Qb2) 22... Na3+ {[%emt 0:01:49] Pair of Knights!} 23. Ka1 Rc2 24. Qe3 Qa5 {[%emt 0:00:22][%cal Oa3c4] ( -> ...Nc4!)} 25. Qd4 {[%emt 0:04:16] [#] Inhibits Nc4.} Rxe2 26. b4 Nc2+ 27. Kb1 {[%emt 0:00:07] [#]} Nxd4 (27... Nxb4 $142 $1 28. a3 Re1+ 29. Rd1 {[#]} Qxa3 $1 30. Bc4 Rb8 $1 31. Qb2 Nd3 32. Qxb8+ Nxb8 33. Rh2 Rxd1+ 34. Kc2 Rc1+ 35. Kd2 Qc3+ 36. Ke3 Ne5+ 37. Bd3 Qxd3+ 38. Kf4 Qxf3#) 28. bxa5 Rb8+ 29. Kc1 Rc2+ 30. Kd1 Rb1# {[%emt 0:00:05] Weighted Error Value: White=1.24/Black=0.62} 0-1

[Event "EYTCC Girls U18 2022"]
[Site "Thessaloniki"]
[Date "2022.07.18"]
[Round "7.4"]
[White "Bashylina, Luisa"]
[Black "Kayis, Gulcan Sena"]
[Result "0-1"]
[ECO "A57"]
[WhiteElo "2041"]
[BlackElo "1682"]
[Annotator "TA"]
[PlyCount "74"]
[EventDate "2022.07.12"]
[EventType "team-tourn"]
[EventCountry "GRE"]
[SourceTitle "playchess.com"]
[Source "ChessBase"]
[SourceQuality "1"]
[WhiteTeam "Germany"]
[BlackTeam "Turkey"]
[WhiteTeamCountry "GER"]
[BlackTeamCountry "TUR"]
[TimeControl "40/5400+30:1800+30"]

1. d4 Nf6 2. c4 c5 3. d5 b5 4. cxb5 a6 5. e3 g6 6. Nc3 Bg7 7. a4 O-O 8. e4 d6 9. Nf3 axb5 10. Bxb5 Ba6 11. Bd2 Nbd7 12. O-O Qb6 (12... Bxb5 $14 13. axb5 Rxa1 14. Qxa1 Qc7) 13. Re1 {[%emt 0:04:23] A57: Benko/Volga Gambit.} Bxb5 14. Nxb5 ({But not} 14. axb5 Rxa1 15. Qxa1 Rb8 $14) 14... Ng4 {[%emt 0:03:57] [#]} 15. Qc2 $146 {[%emt 0:09:28] White is better.} ({Predecessor:} 15. Bc3 Nge5 16. Nd2 Qb7 17. Qe2 g5 18. Nf1 f5 19. exf5 Rxf5 20. Ng3 Rf4 21. Ne4 h6 {1-0 (33) Knechtel,R (2175)-Nickmann,P (1955) Wuerzburg 1995}) 15... Rfc8 16. h3 Nge5 17. Nxe5 Nxe5 18. f4 Nd7 19. Bc3 ({White should try} 19. Kh2 $16) 19... c4+ $1 $14 20. Kh1 Nc5 21. Bxg7 (21. f5 {is more complex.} Nxa4 22. Nxd6 Qxd6 23. Rxa4 Qg3 24. Rxa8 Rxa8 25. Rc1) 21... Kxg7 22. e5 Nxa4 23. Nxd6 exd6 24. Rxa4 Rxa4 25. Qxa4 $11 {[%emt 0:00:20][%mdl 4096] Endgame KQR-KQR} Qf2 26. Rd1 {[%emt 0:04:07] [#] Threatens to win with Qd7.} Qxb2 27. Qd7 Rb8 {[%emt 0:05:17] And now ...c3 would win.} 28. e6 Rb7 29. Qxd6 {[%emt 0:01:34][%cal Of4f5] f5! is the strong threat.} c3 $1 {[%emt 0:02:32][%cal Bc4c3,Bc3c2][%mdl 32] [#] aiming for ...c2.} 30. exf7 Kxf7 31. Qe6+ Kg7 {[%emt 0:00:15] Strongly threatening ...c2.} 32. Qe5+ Kf7 {[%emt 0:02:42] Hoping for ...c2.} 33. f5 c2 $1 34. fxg6+ hxg6 {[%emt 0:00:54] The board is on fire.} 35. Rf1+ Kg8 36. Qf4 Qb1 {[%emt 0:00:54][%cal Ob1f1] ( -> ...Qxf1+!). Active counter play!} 37. Qf8+ (37. Kh2 $11) 37... Kh7 {[%emt 0:00:03] Weighted Error Value: White=0.43/Black=0.04 (flawless)} 0-1

[Event "EYTCC Girls U18 2022"]
[Site "Thessaloniki"]
[Date "2022.07.18"]
[Round "7.5"]
[White "Ruzic, Pia Marie"]
[Black "Wikar, Martyna"]
[Result "1/2-1/2"]
[ECO "A84"]
[WhiteElo "2025"]
[BlackElo "2208"]
[Annotator "TA"]
[PlyCount "124"]
[EventDate "2022.07.12"]
[EventType "team-tourn"]
[EventCountry "GRE"]
[SourceTitle "playchess.com"]
[Source "ChessBase"]
[SourceQuality "1"]
[WhiteTeam "Slovenia"]
[BlackTeam "Poland"]
[WhiteTeamCountry "SLO"]
[BlackTeamCountry "POL"]
[TimeControl "40/5400+30:1800+30"]

1. d4 f5 2. c4 Nf6 3. Nf3 d6 4. b3 g6 5. Bb2 Bg7 6. g3 O-O 7. Bg2 Ne4 {[%emt 0:03:20][%cal Oe7e5] is the new trend.} 8. Nfd2 {[%emt 0:07:58] A87: Dutch Defence: Leningrad System: 5 Nf3.} Nxd2 9. Nxd2 {[%emt 0:00:12] [#]} (9. Qxd2 $14 Nc6 10. f4) 9... Nc6 $146 ({Predecessor:} 9... e5 10. Nf3 Nc6 11. O-O Qe7 12. d5 Nd8 13. Nd2 f4 14. Ne4 b6 15. a4 a5 {0-1 (116) Basel,M (1909)-Wehner,R (2054) Playchess.com INT 2020}) 10. Nf3 {[%emt 0:02:10] The position is equal.} Kh8 11. Qd2 e5 12. dxe5 Nxe5 13. O-O Qe7 14. Rae1 Rb8 (14... f4 $14) 15. Ng5 ({White should try} 15. Nd4 $16) 15... b5 16. cxb5 Rxb5 17. f4 h6 18. Nh3 Ng4 {[%emt 0:02:39] [#] Threatens to win with ...Qe3+.} 19. e4 {[%emt 0:00:20] aiming for exf5.} Bxb2 20. Qxb2+ Qg7 21. Qxg7+ Kxg7 22. Rc1 Rf7 23. Rfe1 {[%emt 0:01:16] Inhibits Ne3.} Ra5 24. a4 fxe4 25. Bxe4 Nf6 26. Bg2 c5 27. b4 Rxa4 28. bxc5 dxc5 29. Rxc5 Bf5 30. Nf2 h5 31. Bf3 Ra2 32. Re2 Ra1+ 33. Kg2 Ng4 34. h3 Nxf2 35. Rxf2 a5 36. Rd2 Ra3 37. Rb2 Bxh3+ 38. Kxh3 {[%emt 0:00:04] [#] Rf2 is the strong threat.} Rxf3 39. Rxa5 R7xf4 $15 {[%emt 0:00:00][%mdl 4096] Endgame KRR-KRR} 40. Kg2 Rf6 41. Rab5 Kh6 42. Rb6 Rxb6 43. Rxb6 $11 {[%emt 0:00:03] KR-KR} Rf5 44. Rb4 Kg5 45. Ra4 Re5 46. Rb4 Kf5 47. Rf4+ Ke6 48. Ra4 g5 49. Kf3 Rb5 50. Re4+ Kf5 51. Ra4 (51. g4+ {is a self mate.} hxg4+ 52. Rxg4 Rb3+ 53. Kf2 Kxg4 54. Ke2 Kf4 55. Kd2 g4 56. Kd1 g3 57. Kc2 Rf3 58. Kd1 g2 59. Kd2 g1=Q 60. Ke2 Qg2+ 61. Ke1 Rf1#) 51... Rd5 52. g4+ hxg4+ 53. Kg3 Re5 54. Ra3 Re4 55. Ra5+ Kg6 56. Ra8 Rf4 57. Rb8 Kf5 58. Rb5+ Kg6 59. Rb8 Ra4 60. Rc8 Kh5 61. Rh8+ $1 Kg6 62. Rb8 Kh5 {[%emt 0:00:09] Weighted Error Value: White=0.11 (very precise) /Black=0.10 (very precise)} 1/2-1/2

[Event "EYTCC Girls U18 2022"]
[Site "Thessaloniki"]
[Date "2022.07.18"]
[Round "7.6"]
[White "Marcinczyk, Monika"]
[Black "Mihelic, Vesna"]
[Result "1-0"]
[ECO "C47"]
[WhiteElo "1991"]
[BlackElo "2029"]
[Annotator "TA"]
[PlyCount "67"]
[EventDate "2022.07.12"]
[EventType "team-tourn"]
[EventCountry "GRE"]
[SourceTitle "playchess.com"]
[Source "ChessBase"]
[SourceQuality "1"]
[WhiteTeam "Poland"]
[BlackTeam "Slovenia"]
[WhiteTeamCountry "POL"]
[BlackTeamCountry "SLO"]
[TimeControl "40/5400+30:1800+30"]

1. e4 e5 2. Nf3 Nc6 3. Nc3 Nf6 4. d4 exd4 5. Nxd4 Bb4 6. Nxc6 bxc6 7. Bd3 d5 8. exd5 cxd5 9. O-O O-O 10. Qf3 {[%emt 0:01:10] C47: Scotch Four Knights and Four Knights with 4 g3.} c6 11. h3 Rb8 12. Bf4 {[%emt 0:01:03] The position is equal.} Bd6 13. b3 Rb4 14. Ne2 $1 {[%emt 0:02:25][%mdl 4] is more profitable than 14.Bxd6 at the moment.} Bxf4 15. a3 Bh2+ 16. Kxh2 {[%emt 0:00:30] [#]} Rh4 $146 ({Predecessor:} 16... Qd6+ 17. Qg3 Qxg3+ 18. fxg3 Rb6 19. g4 Re8 20. Ng3 h6 21. Rae1 Kf8 22. Rxe8+ Nxe8 {0-1 (61) Mischuk,D (2317)-Akhmetov,A (2473) Sochi 2012}) 17. Kg1 Re8 (17... Ne4 $5 ) 18. Rfe1 Ne4 19. Ng3 (19. Nd4 $5 ) 19... Qe7 (19... f5 $11) 20. Qe3 (20. Bxe4 $16 dxe4 21. Qc3) 20... f5 $14 {[%emt 0:03:53] Threatens to win with ...f4.} 21. Nxe4 fxe4 22. Bf1 Rf8 23. b4 Qf6 24. Rad1 Rf4 25. Rd2 g5 $2 (25... Qg6 $11 {and Black stays safe.} 26. c4 Rf3) 26. c4 $1 $18 g4 {[%emt 0:01:18] [#]} 27. cxd5 ({Better is} 27. hxg4 $1 $18 Bxg4 28. cxd5) 27... gxh3 $16 (27... cxd5 28. hxg4 Be6 29. Qxa7 $14) 28. d6 {[%emt 0:04:03] Strongly threatening d7.} (28. Qxa7 hxg2 29. Bxg2 Rg4 30. Rxe4 {[#]} (30. Qe3 $2 Qg6 $19) 30... Rxg2+ $1 31. Kxg2 Qf3+ 32. Kh2 Bh3 33. Qxh7+ Kxh7 $19) 28... Bg4 (28... hxg2 $1 $11 29. Bxg2 Rg4) 29. d7 $18 {[%emt 0:05:09] Dancing on a razor blade.} hxg2 $2 (29... Rd8 30. g3 (30. Qxa7 $2 hxg2 31. Bc4+ Kg7 $19) 30... h2+ 31. Kxh2 Rxd7) 30. Bc4+ Be6 31. Bxe6+ Qxe6 32. d8=Q Qh6 33. Qg3+ Kh8 34. Qd4+ {[%emt 0:01:47] Weighted Error Value: White=0.10 (very precise) /Black=1.08} 1-0

[Event "EYTCC Girls U18 2022"]
[Site "Thessaloniki"]
[Date "2022.07.18"]
[Round "7.7"]
[White "Sheikh, Anum"]
[Black "Demeter, Dorina"]
[Result "1/2-1/2"]
[ECO "C92"]
[WhiteElo "1799"]
[BlackElo "2176"]
[Annotator "TA"]
[PlyCount "81"]
[EventDate "2022.07.12"]
[EventType "team-tourn"]
[EventCountry "GRE"]
[SourceTitle "playchess.com"]
[Source "ChessBase"]
[SourceQuality "1"]
[WhiteTeam "England"]
[BlackTeam "Hungary"]
[WhiteTeamCountry "ENG"]
[BlackTeamCountry "HUN"]
[TimeControl "40/5400+30:1800+30"]

1. e4 e5 2. Nf3 Nc6 3. Bb5 a6 4. Ba4 Nf6 5. O-O Be7 6. Re1 b5 7. Bb3 d6 8. c3 O-O 9. h3 Re8 10. d4 Bb7 11. Nbd2 Bf8 12. a4 h6 13. Bc2 exd4 14. cxd4 Nb4 15. Bb1 c5 16. d5 Nd7 17. Ra3 f5 {[%emt 0:02:30] C92: Closed Ruy Lopez: 9...Be6, Karpov and Flohr-Zaitsev Variations.} 18. g4 (18. Rae3 $14) 18... f4 19. axb5 axb5 20. Nb3 Ne5 {[%emt 0:06:38] [#]} 21. Bd2 $146 (21. Bxf4 Nxf3+ 22. Qxf3 Qf6 23. Rxa8 Bxa8 $15) ({Predecessor:} 21. Rxa8 Qxa8 22. Nxe5 dxe5 23. d6 c4 24. Qd2 Na6 25. Na5 Rd8 26. b3 Rxd6 27. Qb2 {0-1 (38) Firat,B (2458)-Sabuk,P (2336) Pardubice 2014}) 21... Ra4 22. Nc1 (22. Bxf4 Nxf3+ 23. Qxf3 Qf6 24. Rxa4 bxa4 $15) 22... Qa8 23. Nxe5 (23. Bxb4 $5 cxb4 24. Rxa4 bxa4 25. Nd3 $11) 23... dxe5 24. Qf3 (24. Bxb4 $11 cxb4 25. Rd3 (25. Rxa4 bxa4 26. Nd3 Bd6 $17)) 24... c4 $15 25. Rxa4 Qxa4 26. Ne2 Bc5 27. Nc3 (27. Kg2 $15) 27... Qb3 $17 28. Bc1 Bd4 ({Better is} 28... Rb8 $17 29. Kg2 Bc8) 29. Qd1 $15 Ra8 30. Qxb3 cxb3 31. Nxb5 Bc5 32. Na3 (32. Bd2 $11) 32... Ba6 $17 33. Bd2 {[%emt 0:02:31] [#]} Nd3 {[%emt 0:06:22] Prevents Rc1.} (33... Na2 $1 $17 {White should prevent ...Bd4.} 34. Bxa2 bxa2) 34. Bxd3 $11 Bxd3 35. Bc3 Bd6 {[%emt 0:00:01][%mdl 1024] Black has compensation.} 36. f3 Rc8 37. Nb1 Bc5+ $1 {[%emt 0:03:30] This bishop pair is nice.} 38. Kg2 {[%emt 0:00:12] Hoping for Nd2.} Be3 {[%emt 0:00:32] [#]} (38... Bd4 $1 $11 {remains equal.}) 39. h4 ({Don't go for} 39. Bxe5 $2 Rc2+ 40. Kh1 Bf2 $19) (39. d6 $1 $16) 39... Kf7 $1 40. h5 ({Don't blunder} 40. Bxe5 $2 Rc2+ 41. Kh3 Rf2 $19) 40... Kf6 41. Rd1 {[%emt 0:08:21] Weighted Error Value: White=0.25 (precise) /Black=0.27 (precise)} 1/2-1/2